 Dungeon Crawl Stone Soup version 0.27.1 (webtiles) character file.

Game seed: 4018173919894685128

6232 a11behringer the Grappler (level 10, -9/91 HPs)
             Began as a Troll Berserker on Aug 27, 2021.
             Was an Elder of Trog.
             Mangled by a wyvern (16 damage)
             ... on level 9 of the Dungeon.
             The game lasted 00:37:13 (5821 turns).

a11behringer the Grappler (Troll Berserker)         Turns: 5821, Time: 00:37:13

Health: -9/91      AC:  7    Str: 27    XL:     10   Next: 61%
Magic:  9/9        EV: 10    Int:  3    God:    Trog [****..]
Gold:   235        SH:  0    Dex: 18    Spells: 9/9 levels left

rFire    + . .     SeeInvis +     - Unarmed
rCold    . . .     Faith    .   (no shield)
rNeg     . . .     Spirit   .   J - +0 troll leather armour
rPois    .         Reflect  .   (helmet restricted)
rElec    .         Harm     .   e - +0 cloak
rCorr    .         Rampage  .   (gloves unavailable)
Will     ++...                  (boots unavailable)
Stlth    ++........             A - amulet of regeneration
HPRegen  4.25/turn              c - ring of see invisible
MPRegen  0.11/turn              y - ring of Osonn {rF+ Dex+6}

@: strong-willed, regenerating
A: large, unfitting armour, claws 3, regeneration 1, shaggy fur 1, tough skin 1
a: Renounce Religion, Berserk, Trog's Hand, Brothers in Arms


You were on level 9 of the Dungeon.
You worshipped Trog.
Trog was greatly pleased with you.
You visited 1 branch of the dungeon, and saw 9 of its levels.
You also visited: Sewer.

You collected 345 gold pieces.
You spent 110 gold pieces at shops.

Inventory:

Hand Weapons
 t - a +0 giant spiked club
 C - a +1 vorpal dire flail
Missiles
 w - a throwing net (quivered)
 F - 8 large rocks
Armour
 a - a +0 animal skin
 e - a +0 cloak (worn)
 m - a +2 robe of fire resistance
 J - a +0 troll leather armour (worn)
Jewellery
 c - a ring of see invisible (left claw)
 x - a ring of willpower
 y - the ring of Osonn (right claw) {rF+ Dex+6}
   (You bought it in a shop on level 5 of the Dungeon)

   [ring of dexterity]

   Dex:       It affects your dexterity (+6).
   rF:        It protects you from fire.
 z - a ring of resist corrosion
 A - an amulet of regeneration (around neck)
 H - a ring of positive energy
Wands
 B - a wand of digging (2)
 E - a wand of flame (46)
 L - a wand of polymorph (8)
Scrolls
 f - 3 scrolls of identify
 g - a scroll of magic mapping {unknown}
 h - a scroll of acquirement {unknown}
 i - a scroll of immolation {unknown}
 q - a scroll of fog {unknown}
 s - a scroll of fear
 u - a scroll of enchant weapon
 v - a scroll of teleportation
 D - a scroll of brand weapon {unknown}
 I - a scroll of blinking {unknown}
 K - a scroll of enchant armour {unknown}
Potions
 b - 9 potions of lignification
 d - 6 potions of curing
 j - a potion of magic
 k - a potion of mutation
 l - a potion of heal wounds
 n - 2 potions of attraction
 o - 3 potions of haste
 p - 3 potions of resistance
 r - 2 potions of invisibility
 G - 3 potions of flight {unknown}
 M - a potion of might {unknown}


   Skills:
 + Level 3.1 Fighting
 * Level 2.9 Maces & Flails
 + Level 3.4 Armour
 - Level 2.7 Dodging
 - Level 0.5 Stealth
 - Level 14.4 Unarmed Combat


You had 9 spell levels left.
You didn't know any spells.
Your spell library was empty.

Dungeon Overview and Level Annotations

Branches:
Dungeon (9/15)             Temple (0/1) D:5           Sewer (visited)
   Lair: D:8-11         Orc: D:9-12

Altars:
Cheibriados
Ru
Sif Muna
Uskayaw
The Shining One

Shops:
D:3 =   D:5 *


Innate Abilities, Weirdness & Mutations

You are too large for most types of armour.
You have claws for hands.
Your natural rate of healing is unusually fast.
You are covered in fur. (AC +1)
You have tough skin. (AC +1)


Message History

The vampire mosquito bites you.
* * * LOW HITPOINT WARNING * * *
The vampire mosquito draws strength from your injuries!
The vampire mosquito bites you!
* * * LOW HITPOINT WARNING * * *
The vampire mosquito draws strength from your injuries!
You barely miss the vampire mosquito.
The vampire mosquito is heavily damaged.
The vampire mosquito bites you but does no damage. x2
The vampire mosquito closely misses you.
The vampire mosquito bites you but does no damage.
The vampire mosquito barely misses you. The vampire mosquito bites you.
* * * LOW HITPOINT WARNING * * *
The vampire mosquito draws strength from your injuries!
You scratch the vampire mosquito but do no damage.
Your claw misses the vampire mosquito.
The vampire mosquito is heavily damaged.
The vampire mosquito bites you but does no damage.
The vampire mosquito closely misses you.
The vampire mosquito bites you but does no damage.
You miss the vampire mosquito.
The vampire mosquito is heavily damaged.
Your surroundings suddenly seem different.
A wyvern comes into view.
You open the door.
The wyvern hisses angrily.
Your ogre goes berserk!
The wyvern bites you!
* * * LOW HITPOINT WARNING * * *
You barely miss the wyvern. The wyvern bites you!
* * * LOW HITPOINT WARNING * * *
You claw the wyvern!
The wyvern is moderately wounded.
The wyvern bites you!
* * * LOW HITPOINT WARNING * * *
Your ogre misses the wyvern.
You scratch the wyvern but do no damage.
The wyvern is moderately wounded.
The wyvern bites you!
You die...

#........#....
..#........#....
..#........#....
..#........#....
..+........'....
..#........#....
..#........#....
########'##.######.#....
.......@....# #.####+
.......lO...# #..
............# #..
............... ..
.......#....... .......
....... ....... .......
####### #######


You could see a wyvern (ally target) and a friendly ogre (summoned, berserk).

Vanquished Creatures
  A two-headed ogre (D:8)
  The ghost of RascalDebosk the Chopper, a novice TrBe of Trog (D:8)
  Pikel (D:6)
  A cyclops (D:8)
  A troll (D:6)
  Grinder (D:3)
  Sigmund (D:5)
  Eustachio (D:6)
  2 spriggans (D:8)
  Menkaure (D:5)
  A vampire mosquito (D:9)
  Edmund (D:5)
  3 water moccasins
  An acid dragon (D:8)
  A necrophage (D:6)
  A black bear (D:6)
  2 ogres
  A centaur (D:8)
  A wolf (D:8)
  2 lemures (D:6)
  A kobold brigand (D:7)
  7 bullfrogs
  A wyvern zombie (D:6)
  2 scorpions
  2 howler monkeys
  3 jellies
  An orc priest (D:6)
  2 bullfrog skeletons (D:6)
  2 gnoll shamans
  2 hounds
  Ijyb (D:5)
  Jessica (D:3)
  A centaur skeleton (D:4)
  An iguana (D:6)
  Natasha (thrice) (D:2)
  10 orc wizards
  A killer bee zombie (D:8)
  3 hound skeletons
  A howler monkey zombie (D:6)
  11 adders
  4 gnolls
  A river rat (D:5)
  3 white imps
  2 ufetubi
  A worm (D:2)
  2 dart slugs
  26 orcs
  19 endoplasms
  13 giant cockroaches
  7 goblins
  7 hobgoblins
  3 jackals (D:3)
  19 quokkas
  14 ball pythons
  5 bats
  11 frilled lizards
  10 kobolds
  9 rats
237 creatures vanquished.

Vanquished Creatures (collateral kills)
  A troll (D:8)
  An orc warrior (D:7)
  An orc (D:7)
3 creatures vanquished.

Vanquished Creatures (others)
  A plant (D:8)
1 creature vanquished.

Grand Total: 241 creatures vanquished

Notes
Turn   | Place    | Note
-------+----------+-------------------------------------------
     0 | D:1      | a11behringer the Troll Berserker began the quest for the
                  | Orb.
     0 | D:1      | Reached XP level 1. HP: 22/22 MP: 0/0
   131 | D:1      | You fall into a shaft and drop 1 floor!
   131 | D:2      | Noticed Natasha
   142 | D:2      | Killed Natasha
   143 | D:2      | Reached skill level 4 in Unarmed Combat
   143 | D:2      | Reached XP level 2. HP: 28/29 MP: 1/1
   144 | D:2      | Reached XP level 3. HP: 36/36 MP: 2/2
   400 | D:1      | Noticed a great orb of eyes
   402 | D:1      | Found a faded altar of an unknown god.
   405 | D:1      | Reached ** piety under Trog
   407 | D:1      | Noticed a floating eye
   408 | D:1      | Noticed a great orb of eyes
   408 | D:1      | Noticed an eye of devastation
   625 | D:1      | Reached XP level 4. HP: 44/44 MP: 3/3
   897 | D:2      | Noticed Natasha
   905 | D:2      | Killed Natasha
   906 | D:2      | Reached skill level 5 in Unarmed Combat
   969 | D:2      | Noticed Natasha
   971 | D:2      | Killed Natasha
   972 | D:2      | Reached XP level 5. HP: 50/50 MP: 4/4
  1380 | D:3      | Noticed Grinder
  1380 | D:3      | Noticed Jessica
  1392 | D:3      | Killed Grinder
  1393 | D:3      | Reached skill level 7 in Unarmed Combat
  1393 | D:3      | Reached XP level 6. HP: 25/59 MP: 5/5
  1396 | D:3      | Killed Jessica
  1523 | D:3      | Found Xiosimearch's Jewellery Emporium.
  2005 | D:4      | Found a glowing drain.
  2015 | D:4      | Reached *** piety under Trog
  2116 | D:4      | Reached XP level 7. HP: 58/66 MP: 6/6
  2139 | D:4      | Reached skill level 8 in Unarmed Combat
  2248 | D:4      | Reached skill level 9 in Unarmed Combat
  2546 | D:5      | Entered Level 5 of the Dungeon
  2601 | D:5      | Found Vuewn's Assorted Antiques.
  2603 | D:5      | Identified the +2 ring mail "Omimm" {*Slow rCorr Dex+5}
  2610 | D:5      | Bought a clouded ivory ring for 110 gold pieces
  2610 | D:5      | Identified the ring of Osonn {rF+ Dex+6} (You bought it in
                  | a shop on level 5 of the Dungeon)
  2661 | D:5      | Noticed Sigmund
  2673 | D:5      | Killed Sigmund
  2674 | D:5      | Reached XP level 8. HP: 70/74 MP: 7/7
  2699 | D:5      | Reached skill level 10 in Unarmed Combat
  2736 | D:5      | Found a snail-covered altar of Cheibriados.
  2821 | D:5      | Noticed Menkaure
  2827 | D:5      | Killed Menkaure
  2923 | D:5      | Found a staircase to the Ecumenical Temple.
  2960 | D:5      | Noticed Edmund
  2971 | D:5      | Killed Edmund
  3114 | D:5      | Found a glowing drain.
  3132 | Sewer    | Entered a sewer
  3192 | Sewer    | Reached **** piety under Trog
  3357 | Sewer    | Reached skill level 11 in Unarmed Combat
  3569 | D:5      | Noticed Ijyb
  3576 | D:5      | Killed Ijyb
  3803 | D:6      | Noticed Pikel
  3823 | D:6      | Killed Pikel
  3824 | D:6      | Reached skill level 12 in Unarmed Combat
  3824 | D:6      | Reached XP level 9. HP: 80/80 MP: 8/8
  3834 | D:6      | Found a hide-covered altar of Uskayaw.
  3872 | D:6      | Noticed Eustachio
  3883 | D:6      | Killed Eustachio
  4175 | D:6      | Reached skill level 13 in Unarmed Combat
  4380 | D:6      | Found a large runed translucent door.
  4380 | D:6      | Found a large runed translucent door.
  4625 | D:6      | Found a glowing golden altar of the Shining One.
  4636 | D:6      | Found a sacrificial altar of Ru.
  4636 | D:6      | Noticed a troll
  4643 | D:6      | Killed a troll
  5169 | D:8      | Found a runed translucent door.
  5178 | D:8      | Noticed RascalDebosk's ghost (novice TrBe)
  5187 | D:8      | Identified the +2 trident of Ydgharch {drain, rF+}
  5193 | D:8      | Killed RascalDebosk's ghost
  5194 | D:8      | Reached skill level 14 in Unarmed Combat
  5194 | D:8      | Reached XP level 10. HP: 67/88 MP: 9/9
  5304 | D:8      | Reached skill level 1 in Armour
  5305 | D:8      | Reached ***** piety under Trog
  5340 | D:8      | Reached skill level 1 in Maces & Flails
  5372 | D:8      | Noticed a two-headed ogre
  5380 | D:8      | HP: 2/88 [two-headed ogre (19)]
  5381 | D:8      | Killed a two-headed ogre
  5448 | D:8      | Noticed a cyclops
  5452 | D:8      | Killed a cyclops
  5534 | D:8      | Found a shimmering blue altar of Sif Muna.
  5820 | D:9      | HP: 4/91 [wyvern (7)]
  5821 | D:9      | Mangled by a wyvern

Illustrated notes

Levels and vault maps discovered:
D:1:      wheals_arrival_linesprint, layout_basic,
          hellmonk_ecumenical_altar_watching_god, chequers_arboretum,
          glass_columns_a
D:2:      layout_basic, uniq_natasha
D:3:      layout_loops_cross, serial_shops, nicolae_shop_statue_plus,
          uniq_jessica, uniq_grinder
D:4:      layout_rooms, portal_sewer_entry_f, chequers_serial_rivers_micro_e,
          minmay_cupped
D:5:      layout_loops_ring, kennysheep_slug_shrine,
          minmay_temple_entry_statues, gup_sewer_entry_bubbles, serial_shops,
          shop, uniq_menkaure, uniq_edmund, uniq_sigmund, uniq_ijyb
D:6:      layout_basic, eat_drink_and_be_merry_uskayaw, jmf_multi_god_temple2,
          uniq_eustachio, uniq_pikel
D:7:      layout_cave_pools
D:8:      kennysheep_blocky_room, layout_cave_pools,
          nicolae_overflow_crystal_walls, ebering_ghost_funeral_grove
D:9:      layout_stronghold, cheibrodos_ashenzari_chains,
          nicolae_hepliaklqana_hippocampus, nicolae_overflow_quartered_altars

Skill      XL: |  1  2  3  4  5  6  7  8  9 10 |
---------------+-------------------------------+-----
Unarmed Combat | 4 5 7 9 12 14 | 14.4
Armour         | 3 |  3.4
Maces & Flails | 2 |  2.9
Fighting       | 3 |  3.1
Dodging        | |  2.7
Stealth        | |  0.5

Action                   |  1- 3 |  4- 6 |  7- 9 | 10-12 || total
-------------------------+-------+-------+-------+-------++-------
Melee: Unarmed           |    48 |   132 |   288 |    65 ||   533
       Punch             |     2 |     3 |    16 |     5 ||    26
Invok: Trog's Hand       |       |     1 |     6 |     3 ||    10
       Berserk           |       |     1 |     5 |     1 ||     7
       Brothers in Arms  |       |       |     1 |     2 ||     3
  Use: Scroll            |       |       |    12 |     1 ||    13
       Potion            |       |       |       |     2 ||     2
 Stab: Sleeping          |     1 |     2 |     6 |       ||     9
Armor: Animal skin       |    19 |    13 |       |       ||    32
       Robe              |       |    38 |    96 |       ||   134
       Troll leather arm |       |       |    11 |    38 ||    49
Dodge: Dodged            |    18 |    66 |   137 |    56 ||   277
